 Dungeon Crawl Stone Soup version 0.22.1-2-g9c5b331 (webtiles) character file.

135 wafehling the Vandal (level 5, -3/52 HPs)
             Began as a Halfling Hunter on Dec 19, 2018.
             Slain by an orc warrior
             ... wielding a +0 long sword
              (9 damage)
             ... on level 3 of the Dungeon.
             The game lasted 00:36:20 (4110 turns).

wafehling the Vandal (Halfling Hunter)              Turns: 4110, Time: 00:36:21

Health: -3/52      AC: 22    Str: 13    XL:     5   Next: 41%
Magic:  5/5        EV:  3    Int:  9    God:
Gold:   139        SH:  0    Dex: 16    Spells: 4/4 levels left

rFire    . . .     SeeInvis .   C - +0 hunting sling (curse)
rCold    . . .     Gourm    .   (shield restricted)
rNeg     + + +     Faith    .   (armour currently unavailable)
rPois    +         Spirit   .   (helmet currently unavailable)
rElec    .         Reflect  .   (cloak currently unavailable)
rCorr    .         Harm     .   (gloves currently unavailable)
MR       .....     NoTele   +   (boots currently unavailable)
Stlth    ++........             (no amulet)
HPRegen  0.17/turn              (no ring)
MPRegen  0.09/turn              (no ring)

@: tree-form (expiring)
A: small, mutation resistance 1
a: no special abilities


You were on level 3 of the Dungeon.
You were hungry.
You were a tree.
You visited 1 branch of the dungeon, and saw 3 of its levels.

You collected 139 gold pieces.

Inventory:

Hand Weapons
 a - a +1 hunting sling
 b - a +0 short sword
 e - a +3 dagger of venom
 h - a +0 dagger
 q - a +0 whip
 w - a +1 dagger of venom
 y - a +0 flail
 C - a cursed +0 hunting sling (weapon)
 E - a +0 club
 F - a +0 mace
Missiles
 d - a sling bullet (quivered)
 g - 34 arrows
 p - 73 stones
 v - 18 poisoned needles
 D - 2 tomahawks
 I - 4 bolts
Armour
 c - a +0 leather armour
 r - a +0 ring mail (melded)
 z - a +0 chain mail
 G - a +0 leather armour
Wands
 l - a wand of paralysis (14)
 B - a wand of acid (8)
Scrolls
 j - 2 scrolls of amnesia
 A - 2 scrolls of enchant weapon
Potions
 i - a potion of degeneration {unknown}
 m - a potion of heal wounds {unknown}
 n - a potion of haste {unknown}
 o - a potion of cancellation {unknown}
 t - a potion of mutation {unknown}
 u - a potion of brilliance {unknown}
 x - 3 potions of curing {unknown}
 H - a potion of invisibility {unknown}
Comestibles
 f - 7 rations


   Skills:
 + Level 2.4 Fighting
 + Level 1.1 Short Blades
 + Level 7.6 Slings
 + Level 1.4 Armour
 + Level 2.8 Dodging
 + Level 1.2 Stealth


You had 4 spell levels left.
You didn't know any spells.
Your spell library was empty.

Dungeon Overview and Level Annotations

Branches:
Dungeon (3/15)

Altars:
Ashenzari
Hepliaklqana

Annotations:
D:3 SorrowsChan's ghost, amateur DsGl


Innate Abilities, Weirdness & Mutations

You are small and have problems with some larger weapons.
You are somewhat resistant to further mutation.


Message History

Press: ? - help, Shift-Dir - straight line, f/p - orc warrior
Aim: an orc warrior, wielding a long sword and wearing a plate armour (heavily You shoot a sling bullet.
The sling bullet closely misses the orc warrior.
The sling bullet barely misses SorrowsChan's ghost.
The orc warrior hits you with a long sword!
* * * LOW HITPOINT WARNING * * *
Okay, then.
You turn into a tree.
Your +0 ring mail melds into your body.
Your roots penetrate the ground.
The orc warrior hits you but does no damage.
Unknown command.
The orc warrior hits you but does no damage.
The orc warrior hits you but does no damage.
Your transformation is almost over.
The orc warrior hits you but does no damage.
The orc warrior hits you with a long sword!
* * * LOW HITPOINT WARNING * * *
The orc warrior hits you with a long sword!
You die...

#.#######.≈≈.≈.#.........<....#.#
#.#######......#...##............
........###''###...+.............
..............#....##...#########
#.######.##.#....................
.........##.#.#####..............
#.######.##.#.########..##.######
.................#§§ #......#
#.######.##.#...♣oW§ #......# ###
.......#.##......#§§ #.###..# #..
................######.# #..# #.#
....##.#.######.# #.##.# #..# #.#
.........# #.# #.##.###..# #.#
######.### #.# #.........###.# #
#.# #.# ####.###....... #.# #.#
#.# #..###.# #.# #.# #.# #..# #..


You could see an orc warrior and SorrowsChan's ghost.

Vanquished Creatures
  Terence (D:2)
  2 adders
  3 worms
  4 dart slugs
  3 leopard geckos
  3 orcs (D:3)
  A ball python (D:1)
  7 bats
  A giant cockroach (D:3)
  9 goblins
  10 hobgoblins
  6 jackals
  3 frilled lizards
  5 kobolds
  7 rats
65 creatures vanquished.

Notes
Turn   | Place    | Note
-------+----------+-------------------------------------------
     0 | D:1      | wafehling the Halfling Hunter began the quest for the Orb.
     0 | D:1      | Reached XP level 1. HP: 14/14 MP: 1/1
   178 | D:1      | Reached skill level 6 in Slings
   187 | D:1      | Reached XP level 2. HP: 12/19 MP: 2/2
   789 | D:1      | Reached XP level 3. HP: 24/24 MP: 3/3
  1825 | D:2      | Reached skill level 7 in Slings
  2057 | D:2      | Reached XP level 4. HP: 29/29 MP: 4/4
  2398 | D:2      | Noticed Terence
  2411 | D:2      | Killed Terence
  2411 | D:2      | Reached skill level 1 in Armour
  2421 | D:2      | Reached skill level 1 in Short Blades
  2570 | D:2      | Found a shattered altar of Ashenzari.
  2789 | D:2      | Reached XP level 5. HP: 34/34 MP: 5/5
  3063 | D:3      | Found a runed door.
  3069 | D:3      | Noticed SorrowsChan's ghost (amateur DsGl)
  3081 | D:3      | Noticed an orc warrior
  3388 | D:3      | Found a hazy altar of Hepliaklqana.
  4110 | D:3      | Slain by an orc warrior

Skill      XL: |  1  2  3  4 |
---------------+-------------+-----
Slings         | 6 7 |  7.6
Fighting       | 2 |  2.4
Armour         | 1 |  1.4
Short Blades   | 1 |  1.1
Dodging        | |  2.8
Stealth        | |  1.2

Action                   |  1- 3 |  4- 6 || total
-------------------------+-------+-------++-------
Melee: Short sword       |    49 |       ||    49
       Dagger            |    21 |    41 ||    62
 Fire: Hunting sling     |    57 |    70 ||   127
Throw: Stone             |       |     3 ||     3
  Use: Scroll            |     2 |     2 ||     4
       Potion            |     1 |     1 ||     2
  Eat: Chunk             |     3 |     6 ||     9
Armor: Leather armour    |    13 |       ||    13
       Ring mail         |     3 |    16 ||    19
       Skin              |       |     4 ||     4
Dodge: Dodged            |    76 |    54 ||   130
